Cool Beans, lawful female human Samurai -- --. ------ --....--+------+-- ----+---- -- .....-- -.....#..........-----|....o..|------ --------.........---- ..--..........o....#.......#.....| --..........}}}...........--.........o..................`.| |<....%.....}{}...........-..o.......%..........)......fx@+ --..........}}}...........--............o$..........'%..`.| --------.........---- --.o.....o...o...#^.o....#..u..| -- ...-- -.....#..........-----|.).[...|------ ---- --....--+------+-- ----|---- --. ..... -- |`...`| |.._..| ------- Cool Beans the Kunoichi Experience level: 8 Strength: 15 Dexterity: 15 Constitution: 18 Intelligence: 12 Wisdom: 10 Charisma: 7 Health: 0(69) Energy: 38(38) Def: 11 Gold: 507 Moves: 5150 Dungeon seed: HdEh5pqWxNfVmG2L Game ID: Cool Beans_1512587181 Your Inventory: Coins $ - 507 gold pieces Amulets Z - an uncursed amulet versus poison Weapons c - an uncursed +1 yumi (alternate weapon; not wielded) d - 19 blessed +0 ya (in quiver) B - a cursed -3 elven short sword (weapon in hand) E - 2 blessed +2 arrows G - 8 uncursed +0 elven arrows L - 3 uncursed +2 arrows R - 17 uncursed +0 arrows Armor e - an uncursed rustproof +0 splint mail (being worn) y - an uncursed +0 dwarvish iron helm (being worn) D - an uncursed burnt +0 elven cloak (being worn) N - an uncursed +0 pair of iron shoes (being worn) Y - an uncursed +0 pair of gauntlets of dexterity (being worn) Comestibles S - 15 uncursed eucalyptus leaves Rings t - an uncursed ring of warning F - a cursed ring of polymorph control Wands m - an uncursed wand of magic missile (0:0) q - an uncursed wand of probing (0:4) H - an uncursed wand of undead turning (0:4) T - an uncursed wand of light (0:11) Tools b - an uncursed bugle g - an uncursed blindfold h - an uncursed bag of tricks (0:11) l - an uncursed sack s - an uncursed bag of holding C - an uncursed skeleton key J - an uncursed credit card Q - a blessed magic lamp named Light Source (lit) Gems n - 2 uncursed obsidians r - an uncursed diamond Spells and supernatural/magical abilities: Name Level Category Fail Memory W - pray for help -- divine ? -- Your skills at the end: Miscellaneous Skills martial arts [Basic] wands [Basic] stealth [Basic] Weapon Skills short sword [Basic] long sword [Skilled] bow [Skilled] Spellcasting Skills Final Attributes: You were haltingly aligned. You were cold resistant. You were poison resistant. You had wounded legs. Your writing hand was ok. You were telepathic. You were somewhat stealthy. You were fast. You are dead. Vanquished creatures: a large mimic a warg 2 small mimics a gelatinous cube 2 ochre jellies a succubus a giant beetle 2 spotted jellies a lizard 2 vampire bats 3 gnome kings a dingo a jaguar a blue jelly 2 Woodland-elves a snake a soldier ant 3 fire ants a yellow light a bugbear a baby crocodile 3 Mordor orcs an Uruk-hai 2 orc shamans 3 fog clouds 2 shriekers 13 gnome lords 3 gnomish wizards a black naga hatchling a guardian naga hatchling 2 gray oozes 2 giant ants 2 puppies 6 floating eyes a kitten 6 dwarves 2 kobold lords 20 hill orcs 2 jitterbugs a werejackal a large kobold 2 geckos a hobgoblin a giant rat 3 cave spiders a brown mold 2 yellow molds 2 green molds 46 gnomes 6 garter snakes 6 jackals a fox 2 kobolds 6 newts 6 goblins 4 sewer rats 7 grid bugs a bat 5 lichens 3 kobold zombies 209 creatures vanquished. Voluntary challenges: You did not cause conflict. You were not invisible. You did not have reflection. You were not displaced. You used a wielded weapon 201 times, starting on turn 73. You did not apply a unicorn horn. You did not use sinks. You read items or engraved 11 times, starting on turn 1171. You never genocided any monsters. You never polymorphed an object. You never changed form. You used no wishes. You never split a pudding. You wrote Elbereth's name 1 time, starting on turn 5041. You violated your moral code, losing 11 points of alignment, starting on turn 2710. Dungeon overview: The Dungeons of Doom: levels 1 to 3 Level 1 a long staircase Level 2 portal to Advent Calendar Level 3 an altar to Amaterasu Omikami stairs to The Gnomish Mines The Gnomish Mines: levels 4 to 11 Level 4 stairs to The Dungeons of Doom Level 5 Level 6 many shops, a temple to Amaterasu Omikami, a magic chest, some fountains Level 7 Level 8 Level 9 Level 10 Level 11 <- You were here some altars to Moloch, a fountain Advent Calendar: Level 1 many trees portal to The Dungeons of Doom History has recorded: On T:1 you entered the Dungeons of Doom to retrieve the Amulet of Yendor! On T:311 you reached level 2 of The Dungeons of Doom. On T:312 you advanced to experience level 2. On T:479 you reached level 1 of Advent Calendar. On T:1140 you advanced to experience level 3. On T:1143 you reached level 3 of The Dungeons of Doom. On T:1441 you reached level 1 of The Gnomish Mines. On T:1445 you advanced to experience level 4. On T:1602 you advanced to experience level 5. On T:1815 you reached level 2 of The Gnomish Mines. On T:2024 you advanced to experience level 6. On T:2150 you reached level 3 of The Gnomish Mines. On T:2307 you entered the Minetown temple On T:2551 you advanced to experience level 7. On T:2643 you reached level 4 of The Gnomish Mines. On T:3036 you reached level 5 of The Gnomish Mines. On T:3303 you reached level 6 of The Gnomish Mines. On T:3343 you advanced to experience level 8. On T:4683 you reached level 7 of The Gnomish Mines. On T:5027 you reached level 8 of The Gnomish Mines. On T:5027 you reached the bottom of the Mines. On T:5046 you prayed to Amaterasu Omikami. Score breakdown: Gold: 507 ( 50 points) Experience: 8 levels ( 700 points) Exploration: 11 levels ( 300 points) Discoveries: 32 items ( 1600 points) Variety of kills: 60 monsters ( 2000 points) Major goal: reached Mine's End ( 1000 points) Survival: died (score multiplied by 3) Total score: 16950 Latest messages: You stab the xan. The xan misses. You stab the xan. The xan scratches your right boot! You miss the xan. The xan pricks the exposed part of your right leg! You miss the xan. The xan misses. The xan pricks the exposed part of your left leg! The Uruk-hai picks up a pair of low boots. The Uruk-hai puts on a pair of low boots. Some text has been burned into the floor here. You read: "Blessed are the destroyers of false hope, for they are the true Messiahs.". The Uruk-hai picks up a crude dagger. The Mordor orc picks up an orcish spear. The door resists! The xan pricks the exposed part of your left leg! (2x) You die... The sack is empty. The bag of holding is empty. The sack is empty. The bag of holding is empty. Final status: Sayonara Cool Beans the Samurai, killed by a xan... You died in The Gnomish Mines on dungeon level 11 with 16950 points, and 507 pieces of gold, after 5150 moves. You were level 8 with a maximum of 69 hit points when you died.